 Dungeon Crawl Stone Soup version 0.28-a0-723-g095bd1b44f (webtiles) character file.

Game seed: 10206386070810558658

1888 KoroneIsBestGirl the Magician (level 9, -1/61 (68) HPs)
             Began as a Barachi Ice Elementalist on Oct 25, 2021.
             Slain by a wight (13 damage)
             ... on level 6 of the Dungeon.
             The game lasted 00:10:41 (8917 turns).

KoroneIsBestGirl the Magician (BaIE)                Turns: 8917, Time: 00:10:42

HP:   -1/61 (68)    AC:  3    Str: 11    XL:     9   Next: 15%
MP:   20/20         EV: 15    Int: 18    God:
Gold: 506           SH:  0    Dex: 18    Spells: 19/23 levels left

rFire   x . .      SeeInvis .   i - +4 quarterstaff (chaos)
rCold   + . .      Faith    .   (shield currently unavailable)
rNeg    . . .      Spirit   .   a - +0 robe
rPois   .          Reflect  .   (no helmet)
rElec   .          Harm     .   j - +0 cloak
rCorr   .          Rampage  .   (no gloves)
Will    .....                   (no boots)
Stlth   ++........              n - amulet of the acrobat
HPRegen 0.20/turn               s - +6 ring of dexterity
MPRegen 0.17/turn               x - ring of ice

@: unable to hop, heavily drained, slow
A: amphibious, slowness 1, strong legs 1, +LOS
a: Hop


You were on level 6 of the Dungeon.
You visited 1 branch of the dungeon, and saw 7 of its levels.
You also visited: Ossuary.

You collected 506 gold pieces.

Inventory:

Hand Weapons
 i - a +4 quarterstaff of chaos (weapon)
Missiles
 A - a throwing net
Armour
 a - a +0 robe (worn)
 j - a +0 cloak (worn)
 z - a +0 buckler
Jewellery
 n - an amulet of the acrobat (around neck)
 s - a +6 ring of dexterity (left hand)
 t - a ring of fire
 x - a ring of ice (right hand)
Wands
 o - a wand of flame (27)
 v - a wand of digging (2)
 y - a wand of paralysis (13)
Scrolls
 b - 3 scrolls of magic mapping
 c - a scroll of fear
 g - a scroll of enchant weapon
 q - a scroll of enchant armour {unknown}
 B - a scroll of brand weapon {unknown}
 D - a scroll of torment
 E - 2 scrolls of fog {unknown}
Potions
 d - a potion of invisibility {unknown}
 e - 2 potions of haste {unknown}
 f - 3 potions of mutation {unknown}
 h - 6 potions of curing {unknown}
 k - 3 potions of heal wounds {unknown}
 m - a potion of cancellation {unknown}
 p - a potion of brilliance {unknown}
 r - 2 potions of might {unknown}
 u - a potion of attraction {unknown}
 w - 2 potions of berserk rage {unknown}
 C - a potion of degeneration {unknown}
 F - a potion of magic {unknown}
 G - a potion of lignification {unknown}


   Skills:
 - Level 5.0 Fighting
 - Level 6.1 Dodging
 - Level 1.7 Stealth
 - Level 4.0 Shields
 + Level 7.7 Spellcasting
 - Level 7.0 Ice Magic


You had 19 spell levels left.
You knew the following spells:

 Your Spells              Type           Power      Damage    Failure   Level
a - Freeze                Ice            100%       1d11      1%          1
b - Frozen Ramparts       Ice            96%        1d11      1%          3

Your spell library contained the following spells:

 Spells                   Type           Power      Damage    Failure   Level
 Ozocubu's Armour         Ice            48%        N/A       1%          3
 Pain                     Necr           24%        1d5       10%         1
 Sandblast                Erth           12%        2d6       10%         1
 Passwall                 Tmut/Erth      5%         N/A       16%         2
 Hailstorm                Conj/Ice       29%        3d8       24%         4
 Conjure Flame            Conj/Fire      6%         6-21      30%         3
 Ignite Poison            Fire/Tmut/Pois 6%         N/A       30%         3
 Stone Arrow              Conj/Erth      12%        3d7       30%         3
 Sticky Flame             Conj/Fire      6%         2d3       69%         4
 Agony                    Necr           6%         N/A       95%         5
 Excruciating Wounds      Necr           3%         N/A       95%         5


Dungeon Overview and Level Annotations

Branches:
Dungeon (7/15)             Temple (0/1) D:7         Ossuary (visited)

Altars:
Nemelex Xobeh

Shops:
D:3 [   D:6 (

Portals:
Abyss: D:5

Annotations:
D:5 2 transporters, CryptKilla's ghost, weakling DsDe
D:6 Grinder


Innate Abilities, Weirdness & Mutations

You are amphibious.
You cover ground slowly.
You can hop short distances.
You have an extended range of vision and can be seen from far away.


Message History

Your frozen ramparts will break if you move.
Continue?
Okay, then.
Your frozen ramparts will break if you move.
Continue? [Y]es or [N]o only, please.
Your frozen ramparts will break if you move.
Continue?
You hit something.
The wight completely resists.
The wall freezes the wight but does no damage.
The wall freezes something.
Something hits you!! Something freezes you.
* * * LOW HITPOINT WARNING * * *
The wight resists.
The wall freezes the wight.
Unknown command.
Your frozen ramparts will break if you move.
Continue? [Y]es or [N]o only, please.
Your frozen ramparts will break if you move.
Continue? [Y]es or [N]o only, please.
Your frozen ramparts will break if you move.
Continue?
Hop to where?
Press: ? - help, Dir - move target Your frozen ramparts will break if you move.
Continue?
The frozen ramparts melt away as you move.
Found a leather armour.
Boing!
A wight is nearby!
A wight is nearby!
A wight is nearby!
Found a stone staircase leading up.
Something barely misses you.
There is a stone staircase leading up here.
You climb upwards.
Level annotation: Grinder Reactivating autopickup.
There is a stone staircase leading down here.
You start resting.
Something hits you.
* * * LOW HITPOINT WARNING * * *
You feel drained.
* * * LOW HITPOINT WARNING * * *
Something freezes you.
* * * LOW HITPOINT WARNING * * *
Deactivating autopickup; reactivate with Ctrl-A.
Okay, then.
You open the door. Something hits you!
You die...

.# .... ## ..... # .....
####### # ...... #.....# #
...5...#.....# #
.......#....######
#######........#....##...#
.......#+##....'.....#...####
.......#..#....#@....#..##..#
.#.....#..#....#######......#
.#.....#..#....#....##..##..#
.#######..#....#....##..##..#
......###'#....#.....#..##'##
......#........#....##......#
.######........#....##......#
###............#....'.......#
..#.....[......'....###'##..#


You could see Grinder (asleep).

Vanquished Creatures
  Sigmund (D:3)
  Edmund (D:5)
  A water moccasin (D:7)
  Duvessa (D:4)
  A sky beast (D:6)
  A black bear (D:5)
  2 ogres
  A bullfrog (D:5)
  2 scorpions (D:6)
  Dowan (D:4)
  2 wights (D:7)
  2 orc priests
  2 hounds
  A gnoll shaman (D:6)
  A jelly (D:6)
  Crazy Yiuf (D:2)
  2 iguanas
  An orc wizard (D:5)
  Natasha (thrice) (D:3)
  A killer bee zombie (D:7)
  9 mummies
  5 gnolls (D:6)
  A howler monkey skeleton (D:4)
  8 adders
  A shadow imp (D:5)
  An ufetubus (D:5)
  2 worms
  10 orcs
  5 ball pythons
  5 bats
  5 endoplasms
  3 giant cockroaches
  7 goblins
  5 hobgoblins
  8 jackals
  3 quokkas
  2 frilled lizards (D:2)
  2 hobgoblin zombies (Ossuary)
  5 kobolds
  2 kobold zombies (Ossuary)
  4 orc zombies (Ossuary)
121 creatures vanquished.

Notes
Turn   | Place    | Note
-------+----------+-------------------------------------------
     0 | D:1      | KoroneIsBestGirl the Barachi Ice Elementalist began the
                  | quest for the Orb.
     0 | D:1      | Reached XP level 1. HP: 13/13 MP: 3/3
   176 | D:1      | Reached skill level 5 in Ice Magic
   190 | D:1      | Reached XP level 2. HP: 19/19 MP: 0/5
  1066 | D:2      | Reached XP level 3. HP: 20/24 MP: 2/7
  1628 | D:2      | Reached XP level 4. HP: 28/30 MP: 5/8
  1812 | D:2      | Found a runed translucent door.
  1813 | D:2      | Noticed Crazy Yiuf
  1820 | D:2      | Learned a level 3 spell: Frozen Ramparts
  1828 | D:2      | Killed Crazy Yiuf
  2370 | D:3      | Noticed Sigmund
  2379 | D:3      | Noticed Natasha
  2385 | D:2      | HP: 1/30 [poisoned by an adder]
  3082 | D:2      | Reached XP level 5. HP: 31/35 MP: 5/10
  3261 | D:3      | Killed Natasha
  3268 | D:3      | Killed Sigmund
  3269 | D:3      | Reached XP level 6. HP: 29/41 MP: 4/12
  3366 | D:3      | Found a faded altar of an unknown god.
  3455 | D:3      | Noticed Natasha
  3462 | D:3      | Killed Natasha
  3812 | D:3      | Noticed Natasha
  3814 | D:3      | Found Unuenio's Antique Armour Boutique.
  3816 | D:3      | Killed Natasha
  4363 | D:4      | Reached XP level 7. HP: 38/46 MP: 8/13
  4533 | D:4      | Reached skill level 5 in Dodging
  4881 | D:4      | HP: 2/46 [ogre (19)]
  4883 | D:4      | Reached skill level 1 in Fighting
  5389 | D:4      | Noticed Duvessa
  5389 | D:4      | Noticed Dowan
  5399 | D:4      | Killed Duvessa
  5400 | D:4      | Reached skill level 5 in Spellcasting
  5407 | D:4      | Killed Dowan
  5827 | D:5      | Entered Level 5 of the Dungeon
  5881 | D:5      | Reached XP level 8. HP: 33/59 MP: 13/15
  6205 | D:5      | Found a one-way gate to the infinite horrors of the Abyss.
  6207 | D:5      | Found a sparkling altar of Nemelex Xobeh.
  6208 | D:5      | Noticed CryptKilla's ghost (weakling DsDe)
  6260 | D:5      | Noticed Edmund
  6271 | D:5      | Killed Edmund
  6272 | D:5      | Reached skill level 5 in Fighting
  6522 | D:5      | Found a transporter.
  6523 | D:5      | Found a transporter.
  6636 | D:6      | Found Bipnee Bueph's Antique Weapon Shop.
  6684 | D:6      | Reached skill level 1 in Shields
  7076 | D:6      | Noticed Grinder
  7692 | D:7      | Found a sand-covered staircase.
  7725 | Ossuary  | Entered an ossuary
  8317 | D:7      | Reached XP level 9. HP: 61/68 MP: 13/19
  8885 | D:7      | Found a staircase to the Ecumenical Temple.
  8917 | D:6      | Slain by a wight

Illustrated notes

Levels and vault maps discovered:
D:1:      nzn_arrival_settlement, layout_basic
D:2:      layout_basic, uniq_crazy_yiuf_cottage
D:3:      minmay_general_purpose_star, layout_basic, serial_shops, shop,
          hellmonk_ecumenical_altar_pennies_from_heaven, interstate_on_off,
          uniq_sigmund, uniq_natasha
D:4:      layout_loops_cross, uniq_duvessa
D:5:      layout_basic, nemelex_xobeh_ov_fountains_minmay,
          gammafunk_ghost_abyssal_escape, uniq_edmund
D:6:      layout_gridville, serial_shops, shop, grunt_decor_one_mirror,
          uniq_grinder
D:7:      minmay_the_grid_octo_2x2 [minmay_the_grid_octo_fat_diamond,
          minmay_the_grid_octo_thin_diamonds, minmay_the_grid_octo_focus,
          minmay_the_grid_octo_prize_ultimate_mussel_roller], layout_rooms,
          minmay_temple_entry_wispy, gup_ossuary_entry_pyramid, uniq_harold,
          uniq_menkaure

Skill      XL: |  1  2  3  4  5  6  7  8 |
---------------+-------------------------+-----
Ice Magic      | 5 6 7 |  7.0
Dodging        | 3 4 5 6 |  6.1
Spellcasting   | 3 4 5 7 |  7.7
Fighting       | 3 5 |  5.0
Shields        | 4 |  4.0
Stealth        | |  1.7

Action                   |  1- 3 |  4- 6 |  7- 9 || total
-------------------------+-------+-------+-------++-------
Melee: Unarmed           |    20 |       |       ||    20
       Dagger            |     9 |       |       ||     9
       Quarterstaff      |       |    12 |    84 ||    96
 Cast: Freeze            |    44 |    43 |    84 ||   171
       Frozen Ramparts   |       |     5 |    18 ||    23
 Abil: Hop               |       |     1 |     6 ||     7
  Use: Scroll            |       |       |     4 ||     4
 Stab: Petrifying        |       |       |     2 ||     2
       Distracted        |       |       |     1 ||     1
       Petrified         |       |       |     1 ||     1
Armor: Robe              |    14 |    19 |    21 ||    54
Dodge: Dodged            |    26 |    58 |   134 ||   218

Table legend: (Time is in decaauts)
 A = Elapsed time spent in this place.
 B = Non-inter-level travel time spent in this place.
 C = Inter-level travel time spent in this place.
 D = Time resting spent in this place.
 E = Time spent auto-exploring this place.
 F = Levels seen in this place.
 G = Mean time per level.
                   A        B        C        D        E       F      G
               +--------+--------+--------+--------+--------+-----+--------+
         Total |   9680 |   9417 |    263 |   1703 |   6612 |   8 | 1210.0 |
       Dungeon |   9069 |   8806 |    263 |   1703 |   6157 |   7 | 1295.6 |
       Ossuary |    610 |    610 |      0 |      0 |    455 |   1 |  610.0 |
               +--------+--------+--------+--------+--------+-----+--------+

Top non-repeatable levels by time:
     D:2: 2359 daAuts
     D:6: 1531 daAuts
     D:3: 1487 daAuts
     D:4: 1343 daAuts
     D:1: 1144 daAuts
     D:5: 889 daAuts
 Ossuary: 610 daAuts
     D:7: 314 daAuts
